 Dungeon Crawl Stone Soup version bcrawl-1.28 (webtiles) character file.

Game seed: 8291211672902464711

369686 LostNumber the Cudgeler (level 9, 0/82 HPs)
             Began as a Jungle Stalker Archaeologist on Nov 21, 2020.
             Was a Believer of Trog.
             Slain by an orc warrior
             ... wielding a cursed +0 dire flail
              (8 damage)
             ... on level 8 of the Dungeon.
             The game lasted 00:10:00 (5115 turns).

LostNumber the Cudgeler (VSAc)                      Turns: 5115, Time: 00:10:00

Health: 0/82       AC: 16    Str: 18    XL:     9   Next: 95%
Magic:  13/13      EV: 13    Int: 21    God:    Trog [**....]
Gold:   509        SH:  0    Dex: 13    Spells: 8/8 levels left

rFire    + . .     SeeInvis .   m - +2 whip (elec)
rCold    . . .     Gourm    .   (no shield)
rNeg     . . .     Faith    .   C - +4 ring mail "Foot" {Str-4 Int+7}
rPois    +         Spirit   .   h - +2 hat
rElec    .         Reflect  .   s - +0 cloak (curse)
rCorr    .         Harm     .   D - +0 pair of gloves
MR       ++...                  d - +1 pair of boots
Stlth    ..........             (no amulet)
HPRegen  1.63/turn              i - ring of protection from fire
MPRegen  0.13/turn              B - ring of stealth

@: berserking, regenerating, very quick
A: fangs 3, poison resistance, regeneration 1, acidic bite, no potion heal 3,
rot immunity, strong jaws
a: Berserk, Trog's Hand, Renounce Religion


You were on level 8 of the Dungeon.
You worshipped Trog.
Trog was pleased with you.
You were very hungry.

You visited 1 branch of the dungeon, and saw 8 of its levels.

You collected 509 gold pieces.

Inventory:

Hand Weapons
 a - a +0 whip
 f - a +0 dagger
   (You took it off a goblin on level 1 of the Dungeon)
 m - a +2 whip of electrocution (weapon)
   (You took it off a kobold on level 1 of the Dungeon)
 z - the +10 dagger of the World {speed, MR+, unknown}
   (You found it on level 4 of the Dungeon)

   Attacks with this weapon are significantly faster.
   It affects your resistance to hostile enchantments.
Missiles
 n - a throwing net {=f!f}
Armour
 b - a +1 robe
 c - a +1 hat
 d - a +1 pair of boots (worn)
 h - a +2 hat (worn)
   (You found it on level 7 of the Dungeon)
 s - a cursed +0 cloak (worn)
   (You found it on level 2 of the Dungeon)
 u - a +2 ring mail of fire resistance
   (You found it on level 3 of the Dungeon)
 C - the +4 ring mail "Foot" (worn) {Str-4 Int+7}
   (You found it on level 5 of the Dungeon)

   It affects your strength (-4).
   It affects your intelligence (+7).
 D - a +0 pair of gloves (worn)
   (You found it on level 6 of the Dungeon)
 I - the +8 chain mail "Zaifuer" {MP-9 Str+5 Slay+3, unknown}
   (You found it on level 7 of the Dungeon)

   It affects your strength (+5).
   It affects your accuracy and damage with ranged weapons and melee attacks
   (+3).
   It affects your magic capacity (-9).
Jewellery
 i - a ring of protection from fire (left hand)
   (You found it on level 6 of the Dungeon)
 p - an uncursed ring of poison resistance
   (You found it on level 2 of the Dungeon)
 B - a ring of stealth (right hand)
   (You found it on level 4 of the Dungeon)
 H - an uncursed amulet of faith {unknown}
   (You found it on level 7 of the Dungeon)
Wands
 t - a wand of flame (17)
   (You found it on level 4 of the Dungeon)
 x - a wand of acid (23)
   (You acquired it on level 3 of the Dungeon)
Scrolls
 g - 3 scrolls of magic mapping
 j - 2 scrolls of amnesia {unknown}
 k - 5 scrolls of teleportation {unknown}
 l - 4 scrolls of remove curse {@r2}
 r - a scroll of identify {@r1}
 y - a scroll of enchant armour {unknown}
 F - a scroll of fog {unknown}
 J - 3 scrolls of enchant weapon {unknown}
Potions
 o - 4 potions of curing {@q1}
 q - a potion of flight {unknown}
 v - a potion of ambrosia {unknown}
 w - 3 potions of might
 A - a potion of brilliance {unknown}
 G - a potion of magic {unknown}
 K - a potion of berserk rage {unknown}
 L - a potion of degeneration {unknown}
Comestibles
 e - 11 rations {!d!d}


   Skills:
 + Level 5.8 Fighting
 - Level 3.1 Short Blades
 * Level 7.4 Maces & Flails
 - Level 3.0 Armour
 + Level 5.5 Dodging
 - Level 4.4 Stealth
 + Level 5.0 Evocations


You had 8 spell levels left.
You didn't know any spells.
Your spell library was empty.

Dungeon Overview and Level Annotations

Branches:
Dungeon (8/12)             Temple (0/1) D:6             Orc (0/1) D:8
   Lair: D:7-9

Altars:
Fedhas
Gozag
Hepliaklqana
Lugonu
Makhleb
Nemelex Xobeh
Qazlal
Sif Muna
Trog
Vehumet
Wu Jian
Xom
Yredelemnul
The Shining One

Shops:
D:4 *

Annotations:
D:5 2 transporters
D:8 Prince Ribbit


Innate Abilities, Weirdness & Mutations

You have razor-sharp teeth.
Your system is resistant to poisons. (rPois)
Your natural rate of healing is unusually fast.
You have acidic saliva.
Potions cannot restore your health.
You are immune to rotting.
Your bites deal extra damage.


Message History

The orc priest calls down the wrath of Beogh upon you.
Beogh smites you!
* * * LOW HITPOINT WARNING * * *
You completely miss the orc priest.
Unknown command.
You hit the orc warrior but do no damage.
You closely miss the orc warrior.
The orc priest invokes the aid of Beogh against you.
Beogh smites you!
* * * LOW HITPOINT WARNING * * *
You hit the orc warrior but do no damage.
Lightning courses through the orc warrior!
You bite the orc warrior, but do no damage.
The orc warrior closely misses you.
You barely miss the orc warrior.
The orc warrior hits you with a cursed +0 dire flail.
* * * LOW HITPOINT WARNING * * *
You hit the orc warrior. Your bite misses the orc warrior.
You hit the orc warrior but do no damage.
The orc warrior hits you with a cursed +0 dire flail.
* * * LOW HITPOINT WARNING * * *
A red film seems to cover your vision as you go berserk!
You feel yourself moving faster!
You feel mighty!
You are feeling very hungry.
The orc priest calls upon Beogh to heal the orc warrior.
The orc warrior is healed somewhat.
The orc warrior closely misses you.
Unknown command.
You hit the orc warrior but do no damage.
You closely miss the orc warrior. Your bite misses the orc warrior.
The orc warrior completely misses you.
You hit the orc warrior.
Lightning courses through the orc warrior!
Your bite misses the orc warrior. You completely miss the orc warrior.
You bite the orc warrior, but do no damage.
The orc warrior closely misses you.
Unknown command.
Unknown command.
Unknown command.
Unknown command.
Unknown command.
Unknown command.
Your ring mail "Foot" prevents you from hitting the orc warrior.
You bite the orc warrior, but do no damage.
You hit the orc warrior.
You feel the effects of Trog's Hand fading.
You closely miss the orc warrior. You bite the orc warrior.
The orc warrior is splashed with acid.
The orc warrior hits you with a cursed +0 dire flail!
You die...

#o## #o# #.# #o# #.#
#o# #.#
#o##################
#oo@................
#.##################
#.# ###


You could see an orc warrior and 2 orc priests.

Vanquished Creatures
  Joseph (D:7)
  Menkaure (D:4)
  An ice beast (D:6)
  2 orc warriors
  2 sky beasts
  6 ogres
  A necrophage (D:6)
  3 bullfrogs (D:6)
  3 big kobolds
  Blork the orc (D:4)
  4 scorpions
  A water moccasin skeleton (D:6)
  A howler monkey (D:7)
  3 crimson imps
  A bullfrog zombie (D:6)
  A quasit (D:7)
  A centaur zombie (D:5)
  2 hounds
  A bullfrog skeleton (D:5)
  3 orc priests (D:5)
  2 iguanas
  3 orc wizards
  8 worker ants
  A worker ant zombie (D:8)
  10 adders
  2 shadow imps
  An adder zombie (D:5)
  3 worms (D:2)
  A dart slug (D:2)
  2 leopard geckos (D:2)
  16 orcs
  2 ball pythons
  3 bats
  3 giant cockroaches
  11 goblins
  9 hobgoblins
  15 jackals
  16 kobolds
  3 frilled lizards
  A jackal skeleton (D:7)
  A jackal zombie (D:5)
  5 rats
157 creatures vanquished.

Notes
Turn   | Place    | Note
-------+----------+-------------------------------------------
     0 | D:1      | LostNumber the Vine Stalker Archaeologist began the quest
                  | for the Orb.
     0 | D:1      | Reached XP level 1. HP: 11/11 MP: 2/2
    14 | D:1      | Reached skill level 1 in Fighting
   113 | D:1      | Reached XP level 2. HP: 9/16 MP: 3/3
   241 | D:1      | Reached skill level 1 in Short Blades
   601 | D:2      | Reached XP level 3. HP: 21/21 MP: 4/4
   707 | D:2      | Found a glowing golden altar of the Shining One.
   709 | D:2      | Noticed an angel
   901 | D:2      | Reached XP level 4. HP: 26/26 MP: 5/5
   964 | D:2      | Found a radiant altar of Vehumet.
  1000 | D:2      | Found an opulent altar of Gozag.
  1191 | D:2      | Found a basalt altar of Yredelemnul.
  1193 | D:2      | Noticed a profane servitor
  1282 | D:2      | Found a hazy altar of Hepliaklqana.
  1557 | D:3      | Found a stormy altar of Qazlal.
  1895 | D:3      | Found a bloodstained altar of Trog.
  1901 | D:3      | Reached XP level 5. HP: 31/31 MP: 6/6
  1901 | D:3      | Identified a scroll of acquirement
  1902 | D:3      | Identified the ring of Adonnog {rN+ MP+9} (You acquired it
                  | on level 3 of the Dungeon)
  2011 | D:3      | Became a worshipper of Trog the Wrathful
  2227 | D:4      | Noticed Menkaure
  2234 | D:4      | Killed Menkaure
  2234 | D:4      | Reached skill level 2 in Maces & Flails
  2234 | D:4      | Reached skill level 1 in Evocations
  2234 | D:4      | Gained mutation: You have razor-sharp teeth. [Vine Stalker
                  | growth]
  2234 | D:4      | Reached XP level 6. HP: 26/36 MP: 7/7
  2242 | D:4      | Reached skill level 1 in Armour
  2346 | D:4      | Found Ankianig's Assorted Antiques.
  2428 | D:4      | Reached skill level 3 in Maces & Flails
  2428 | D:4      | Reached XP level 7. HP: 26/41 MP: 9/9
  2520 | D:4      | Found a blossoming altar of Fedhas.
  2544 | D:4      | Got a fading dagger
  2566 | D:4      | Noticed Blork the orc
  2576 | D:4      | Killed Blork the orc
  2808 | D:5      | Entered Level 5 of the Dungeon
  2823 | D:4      | Reached * piety under Trog
  2959 | D:5      | Found a sparkling altar of Nemelex Xobeh.
  2991 | D:5      | Found a transporter.
  3000 | D:5      | Noticed a gargoyle
  3000 | D:5      | Noticed a troll
  3011 | D:5      | Reached skill level 4 in Maces & Flails
  3047 | D:5      | Gained mutation: You have acidic saliva. [Jungle Stalker
                  | growth]
  3047 | D:5      | Gained mutation: Your system is resistant to poisons.
                  | (rPois) [Jungle Stalker growth]
  3047 | D:5      | Reached XP level 8. HP: 37/48 MP: 10/11
  3111 | D:5      | Got a crude ring mail
  3122 | D:5      | Identified the +4 ring mail "Foot" {Str-4 Int+7} (You found
                  | it on level 5 of the Dungeon)
  3148 | D:5      | Found a shimmering altar of Xom.
  3194 | D:5      | Found an ornate altar of the Wu Jian Council.
  3194 | D:5      | Noticed a shadow
  3203 | D:5      | Found a transporter.
  3245 | D:5      | Reached skill level 5 in Maces & Flails
  3500 | D:6      | Found a shimmering blue altar of Sif Muna.
  3574 | D:6      | Reached ** piety under Trog
  3576 | D:6      | Found a staircase to the Ecumenical Temple.
  3801 | D:6      | Reached XP level 9. HP: 45/53 MP: 12/12
  3844 | D:6      | Reached skill level 5 in Fighting
  3844 | D:6      | Reached skill level 6 in Maces & Flails
  3999 | D:6      | Found a corrupted altar of Lugonu.
  4438 | D:7      | Got a buzzing chain mail
  4459 | D:7      | Noticed Joseph
  4472 | D:7      | Killed Joseph
  4472 | D:7      | Reached skill level 7 in Maces & Flails
  4472 | D:7      | Reached skill level 5 in Dodging
  4590 | D:7      | Reached *** piety under Trog
  4657 | D:7      | Found a burning altar of Makhleb.
  4657 | D:7      | Noticed a green death
  4660 | D:7      | Noticed a smoke demon
  4660 | D:7      | Noticed a smoke demon
  4942 | D:8      | Reached skill level 5 in Evocations
  5075 | D:8      | Noticed Prince Ribbit
  5077 | D:8      | Found a staircase to the Orcish Mines.
  5105 | D:8      | HP: 1/55 [orc warrior/cursed +0 dire flail (5)]
  5115 | D:8      | Slain by an orc warrior

Skill      XL: |  1  2  3  4  5  6  7  8  9 |
---------------+----------------------------+-----
Fighting       | 1 2 3 4 5 |  5.8
Short Blades   | 1 2 3 |  3.1
Maces & Flails | 2 3 4 5 7 |  7.4
Evocations     | 1 2 3 5 |  5.0
Armour         | 1 2 3 |  3.0
Dodging        | 4 5 |  5.5
Stealth        | |  4.4

Action                   |  1- 3 |  4- 6 |  7- 9 || total
-------------------------+-------+-------+-------++-------
Melee: Dagger            |    26 |       |       ||    26
       Whip              |    75 |   107 |   402 ||   584
       Bite              |    11 |    11 |    41 ||    63
Invok: Berserk           |       |       |     2 ||     2
       Trog's Hand       |       |       |     1 ||     1
  Use: Scroll            |       |     1 |     4 ||     5
 Stab: Sleeping          |     8 |     7 |    15 ||    30
       Distracted        |       |       |     1 ||     1
  Eat: Chunk             |     2 |     7 |    18 ||    27
Armor: Robe              |    21 |    14 |       ||    35
       Ring mail         |       |    18 |   162 ||   180
Dodge: Dodged            |    61 |    66 |   245 ||   372
